 Dungeon Crawl Stone Soup version 0.22-a0-533-g4d20840 (webtiles) character file.

28 inc the Skirmisher (level 3, 19/19 HPs)
             Began as a Felid Chaos Knight on June 22, 2018.
             Quit the game on level 3 of the Dungeon.
             The game lasted 00:03:16 (2364 turns).

inc the Skirmisher (Felid Chaos Knight)             Turns: 2364, Time: 00:03:17

Health: 19/19      AC:  1    Str:  8    XL:     3   Next: 0%
Magic:  4/4        EV: 18    Int: 14    God:    Xom [......]
Gold:   86         SH:  0    Dex: 15    Spells: 2/2 levels left
                                        Lives:  0   Deaths: 1

rFire    . . .     SeeInvis +     - Unarmed
rCold    . . .     Gourm    .   (shield unavailable)
rNeg     . . .     Faith    .   (armour unavailable)
rPois    .         Spirit   .   (helmet unavailable)
rElec    .         Reflect  .   (cloak unavailable)
rCorr    .         Harm     .   (gloves unavailable)
MR       .....                  (boots unavailable)
Stlth    ++........             (no amulet)
HPRegen  0.06/turn              (no ring)
MPRegen  0.09/turn              (no ring)

@: quick
A: very small, no armour, no weapons or thrown items, stealth, claws 1, fangs 3,
see invisible, carnivore, speed 1, shaggy fur 1, slow metabolism 1, sharp paws
a: Renounce Religion


You were on level 3 of the Dungeon.
You worshipped Xom.
You were a very special plaything of Xom.
You were not hungry.

You visited 1 branch of the dungeon, and saw 3 of its levels.

You collected 86 gold pieces.

Inventory:

Jewellery
 b - an uncursed amulet of magic regeneration {unknown}
Scrolls
 c - a scroll of fear {unknown}
 d - a scroll of random uselessness {unknown}
 e - a scroll of noise {unknown}
 h - a scroll of teleportation {unknown}
 i - 3 scrolls of remove curse {unknown}
Potions
 f - a potion of heal wounds {unknown}
 g - 2 potions of flight {unknown}
 j - a potion of invisibility {unknown}
 k - a potion of lignification
 l - a potion of curing {unknown}
Comestibles
 a - 2 rations


   Skills:
 + Level 4.9 Fighting
 - Level 3.2 Dodging
 - Level 3.0 Unarmed Combat


You had 2 spell levels left.
You didn't know any spells.
Your spell library was empty.

Dungeon Overview and Level Annotations

Branches:
Dungeon (3/15)

Altars:
Ashenzari


Innate Abilities, Weirdness & Mutations

You cannot wear armour.
You are incapable of wielding weapons or throwing items.
Your paws allow you to move quietly. (Stealth)
You have sharp claws.
You have razor-sharp teeth.
You have supernaturally acute eyesight. (SInv)
You are carnivorous and can eat meat at any time.
You cover ground quickly.
You are covered in fur. (AC +1)
You have a slow metabolism.
Your sharp claws are effective at attacking unaware monsters.


Message History

You hear Xom's maniacal laughter.
There are monsters nearby!
You miss the crimson imp. You completely miss the crimson imp.
Your bite misses the crimson imp. The crimson imp misses you.
You closely miss the crimson imp. The smoke demon hits you. x2
The smoke demon completely misses you. The crimson imp hits you.
You scratch the crimson imp.
The crimson imp is lightly wounded.
The smoke demon misses you. The smoke demon completely misses you.
The smoke demon hits you. The crimson imp closely misses you.
The crimson imp blinks!
The smoke demon gestures at you. Xom smites you!
Ouch! That really hurt!
You die...
You are now level 3!
You rejoin the land of the living...
Found 12 gold pieces.
Are you sure you want to abandon this character and quit the game? (Confirm with "yes".)

# .#
###+#####.#
#.........
#.....$.#
#.....@.#
#.......#
#.......#
#.......#
#.......#
#########


There were no monsters in sight!

Vanquished Creatures
  An adder (D:2)
  An ooze (D:2)
  3 dart slugs (D:1)
  A ball python (D:2)
  4 bats (D:1)
  4 giant cockroaches
  4 hobgoblins
  2 jackals (D:2)
  5 frilled lizards
  8 goblins
  3 kobolds
  A leopard gecko skeleton (D:2)
  12 rats
49 creatures vanquished.

Notes
Turn   | Place    | Note
-------+----------+-------------------------------------------
     0 | D:1      | inc the Felid Chaos Knight began the quest for the Orb.
     0 | D:1      | Reached XP level 1. HP: 10/10 MP: 2/2
    18 | D:1      | XOM: harmless Erth miscast
    71 | D:1      | Reached XP level 2. HP: 12/14 MP: 3/3
   299 | D:1      | Reached skill level 4 in Fighting
   447 | D:1      | XOM: medium Tmut miscast
   601 | D:1      | XOM: butterfly on damage
   602 | D:1      | Reached XP level 3. HP: 4/18 MP: 4/4
   870 | D:1      | XOM: silly message
   986 | D:1      | XOM: summons 3 hostile shadow creatures
  1092 | D:1      | XOM: severe Erth miscast
  1451 | D:2      | Found a shattered altar of Ashenzari.
  1797 | D:2      | XOM: smoke on damage
  1838 | D:3      | XOM: harmless Tloc miscast
  2057 | D:3      | XOM: butterfly on damage
  2111 | D:3      | Reached XP level 4. HP: 6/22 MP: 5/5
  2354 | D:3      | XOM: summons 2 hostile demons
  2355 | D:3      | Noticed a smoke demon
  2363 | D:3      | Killed from afar by a smoke demon
  2364 | D:3      | Reached XP level 3. HP: -4/19 MP: 4/4
  2364 | D:3      | Quit the game

Vault maps used:
D:1:      onia_arrival_larder, serial_forest, infiniplex_forest_clump_C,
          infiniplex_forest_end_double, infiniplex_forest_pool,
          infiniplex_forest_end_1, infiniplex_forest_clump_medium,
          infiniplex_forest_clump_curved
D:2:      old_standard_altar, nicolae_ashenzari_panopticon
D:3:      nicolae_overflow_hidden_temple, first_ration, tgw_kikubaaqudgha

Skill      XL: |  1  2 |
---------------+-------+-----
Fighting       | 4 |  4.9
Dodging        | |  3.2
Unarmed Combat | |  3.0

Action                   |  1- 3 |  4- 6 || total
-------------------------+-------+-------++-------
Melee: Unarmed           |   144 |     4 ||   148
       Bite              |    14 |       ||    14
       Punch             |     1 |       ||     1
  Use: Potion            |     2 |       ||     2
 Stab: Sleeping          |     5 |       ||     5
       Distracted        |     1 |       ||     1
  Eat: Chunk             |     2 |       ||     2
Armor: Skin              |    15 |       ||    15
Dodge: Dodged            |    88 |     5 ||    93

Table legend:
 A = Spawn XP
 B = Non-spawn XP
 C = Spawn XP percentage of total XP
 D = Spawn monster count
 E = Non-spawn monster count
 F = Spawn count percentage of total count
 G = Total turns spent on level
                    A         B        C        D         E        F      G
               +---------+---------+-------+---------+---------+-------+---------
         Total |       0 |      98 |   0.0 |       0 |      49 |   0.0 |  2364
               +---------+---------+-------+---------+---------+-------+---------
           D:1 |       0 |      53 |   0.0 |       0 |      30 |   0.0 |  1207
           D:2 |       0 |      39 |   0.0 |       0 |      16 |   0.0 |   599
           D:3 |       0 |       6 |   0.0 |       0 |       3 |   0.0 |   558
               +---------+---------+-------+---------+---------+-------+---------
